 Dungeon Crawl Stone Soup version 0.23-a0-275-g0cf4261 (webtiles) character file.

166 Megalobster the Ducker (level 5, -3/43 HPs)
             Began as a Gnoll Wanderer on Oct 2, 2018.
             Slain by a gnoll
             ... wielding a +0 flail
              (12 damage)
             ... on level 3 of the Dungeon.
             The game lasted 00:10:51 (2972 turns).

Megalobster the Ducker (Gnoll Wanderer)             Turns: 2972, Time: 00:10:52

Health: -3/43      AC:  3    Str: 16    XL:     5   Next: 47%
Magic:  7/7        EV: 16    Int: 16    God:
Gold:   61         SH:  8    Dex: 12    Spells: 6/6 levels left

rFire    . . .     SeeInvis .   g - +0 whip (elec)
rCold    . . .     Gourm    .   k - +0 buckler
rNeg     . . .     Faith    .   j - +0 leather armour
rPois    .         Spirit   .   (no helmet)
rElec    .         Reflect  +   (no cloak)
rCorr    +         Harm     .   (no gloves)
MR       .....                  (no boots)
Stlth    +.........             o - +4 amulet of reflection
HPRegen  0.14/turn              v - +3 ring of evasion
MPRegen  0.10/turn              w - ring of resist corrosion

@: very slightly contaminated, invisible (expiring)
A: distributed training, fangs 1, strong nose
a: no special abilities


You were on level 3 of the Dungeon.
You were not hungry.

You visited 1 branch of the dungeon, and saw 3 of its levels.

You collected 61 gold pieces.

Inventory:

Hand Weapons
 a - a +0 hand axe
 b - a +0 quarterstaff
 c - a +2 spear of venom
 g - a +0 whip of electrocution (weapon)
 p - a cursed -2 short sword
Missiles
 m - 73 stones (quivered)
 r - 60 sling bullets
Armour
 d - a +0 robe
 j - a +0 leather armour (worn)
 k - a +0 buckler (worn)
 l - a +0 ring mail
Jewellery
 o - a +4 amulet of reflection (around neck)
 v - a +3 ring of evasion (left hand)
 w - a ring of resist corrosion (right hand)
Scrolls
 h - 2 scrolls of immolation {unknown}
 i - a scroll of noise {unknown}
 n - 4 scrolls of remove curse {unknown}
 s - 2 scrolls of teleportation
 y - 2 scrolls of identify {unknown}
Potions
 e - a potion of lignification {unknown}
 q - a potion of degeneration {unknown}
 t - a potion of haste {unknown}
 x - a potion of cancellation {unknown}
Comestibles
 f - 7 rations
 u - 15 chunks of flesh


   Skills:
 + Level 4.8 Fighting
 + Level 1.4 Short Blades
 + Level 1.4 Long Blades
 + Level 1.4 Axes
 + Level 1.4 Maces & Flails
 + Level 1.4 Polearms
 + Level 3.0 Staves
 + Level 1.4 Slings
 + Level 1.4 Bows
 + Level 1.4 Crossbows
 + Level 3.0 Throwing
 + Level 1.4 Armour
 + Level 4.8 Dodging
 + Level 1.4 Stealth
 + Level 3.0 Shields
 + Level 1.4 Unarmed Combat
 + Level 1.4 Spellcasting
 + Level 1.1 Conjurations
 + Level 1.1 Hexes
 + Level 1.1 Charms
 + Level 1.1 Summonings
 + Level 1.1 Necromancy
 + Level 2.4 Translocations
 + Level 1.1 Transmutations
 + Level 1.1 Fire Magic
 + Level 1.1 Ice Magic
 + Level 1.1 Air Magic
 + Level 1.1 Earth Magic
 + Level 3.9 Poison Magic
 + Level 1.6 Invocations
 + Level 1.4 Evocations


You had 6 spell levels left.
You didn't know any spells.
Your spell library contained the following spells:

 Spells                   Type           Power        Failure   Level  Hunger
 Blink                    Tloc           N/A          17%         2    ###....
 Shroud of Golubria       Chrm/Tloc      #.........   22%         2    ###....
 Gell's Gravitas          Tloc           #.........   32%         3    ####...
 Lesser Beckoning         Tloc           #.........   32%         3    ####...
 Teleport Other           Tloc           #.......     32%         3    ####...
 Passage of Golubria      Tloc           N/A          73%         4    #####..


Dungeon Overview and Level Annotations

Branches:
Dungeon (3/15)

Altars:
Qazlal

Annotations:
D:3 Terence


Innate Abilities, Weirdness & Mutations

Your experience applies equally to all skills.
You have very sharp teeth.
Your uncanny sense of smell can sniff out nearby items.


Message History

You take 1 damage, and have 16/43 hp.
c - a spear of venom You feel sick.
You take 1 damage, and have 15/43 hp.
You start resting.
You feel sick. x4
Some of the chunks of flesh in your inventory have rotted away.
You feel sick. x4
Terence is too close now for your liking.
You take 5 damage, and have 10/43 hp.
Terence is nearby!
Things that are here:
a whip; a halberd You feel sick.
You take 1 damage, and have 9/43 hp.
The gnoll shouts!
You flicker for a moment.
You feel sick.
You are no longer poisoned.
The gnoll hits you with a flail!
You die...

##.<##...............#
......÷......##÷...#.#
.#..........#......#.#
##.#.##........#..#÷#
...#..#.....@g.<..#)# .. ###
##.#.....#####.#.###....
#..##.#.......#.....#
##.##......####.###.# #####
#.##)....g@......#
....###.##......####..##.##
.....##.........# #......
.....###........# #.....#
.............#### #.....#
..).####...#.# #.....#
...........#.# #.....#####
.......##..#.# #.........#
...#.......#.#######.#).....(#


You could see a gnoll.

Vanquished Creatures
  6 gnolls
  An adder (D:2)
  2 oozes
  A worm (D:2)
  A dart slug (D:1)
  3 leopard geckos
  8 orcs (D:3)
  10 bats
  7 giant cockroaches
  8 hobgoblins
  2 jackals (D:1)
  2 ball pythons
  5 frilled lizards
  8 goblins
  5 kobolds
  6 rats
75 creatures vanquished.

Notes
Turn   | Place    | Note
-------+----------+-------------------------------------------
     0 | D:1      | Megalobster the Gnoll Wanderer began the quest for the Orb.
     0 | D:1      | Megalobster set off with: a +0 quarterstaff, a scroll of
                  | teleportation, a +0 robe, a ration
     0 | D:1      | Reached XP level 1. HP: 20/20 MP: 1/1
   273 | D:1      | Reached XP level 2. HP: 26/26 MP: 2/2
   472 | D:1      | Reached XP level 3. HP: 31/31 MP: 3/3
   983 | D:2      | Found a stormy altar of Qazlal.
  1015 | D:2      | Reached skill level 1 in Invocations
  1179 | D:2      | Noticed Terence
  1416 | D:2      | Reached skill level 1 in Short Blades
  1416 | D:2      | Reached skill level 1 in Long Blades
  1416 | D:2      | Reached skill level 1 in Axes
  1416 | D:2      | Reached skill level 1 in Maces & Flails
  1416 | D:2      | Reached skill level 1 in Polearms
  1416 | D:2      | Reached skill level 1 in Slings
  1416 | D:2      | Reached skill level 1 in Bows
  1416 | D:2      | Reached skill level 1 in Crossbows
  1416 | D:2      | Reached skill level 1 in Armour
  1416 | D:2      | Reached skill level 1 in Stealth
  1416 | D:2      | Reached skill level 1 in Unarmed Combat
  1416 | D:2      | Reached skill level 1 in Spellcasting
  1416 | D:2      | Reached skill level 1 in Evocations
  1470 | D:2      | Reached XP level 4. HP: 32/38 MP: 5/5
  2333 | D:3      | Reached skill level 1 in Conjurations
  2333 | D:3      | Reached skill level 1 in Hexes
  2333 | D:3      | Reached skill level 1 in Charms
  2333 | D:3      | Reached skill level 1 in Summonings
  2333 | D:3      | Reached skill level 1 in Necromancy
  2333 | D:3      | Reached skill level 1 in Transmutations
  2333 | D:3      | Reached skill level 1 in Fire Magic
  2333 | D:3      | Reached skill level 1 in Ice Magic
  2333 | D:3      | Reached skill level 1 in Air Magic
  2333 | D:3      | Reached skill level 1 in Earth Magic
  2668 | D:3      | Reached XP level 5. HP: 38/43 MP: 6/6
  2972 | D:3      | Slain by a gnoll

Vault maps used:
D:1:      dpeg_arrival_shrine
D:2:      grunt_qazlal_sundering, uniq_terence
D:3:      first_ration

Skill      XL: |  1  2  3  4  5 |
---------------+----------------+-----
Translocations | 2 |  2.4
Invocations    | 1 |  1.6
Short Blades   | 1 |  1.4
Long Blades    | 1 |  1.4
Axes           | 1 |  1.4
Maces & Flails | 1 |  1.4
Polearms       | 1 |  1.4
Slings         | 1 |  1.4
Bows           | 1 |  1.4
Crossbows      | 1 |  1.4
Armour         | 1 |  1.4
Stealth        | 1 |  1.4
Unarmed Combat | 1 |  1.4
Spellcasting   | 1 |  1.4
Evocations     | 1 |  1.4
Conjurations   | 1 |  1.1
Hexes          | 1 |  1.1
Charms         | 1 |  1.1
Summonings     | 1 |  1.1
Necromancy     | 1 |  1.1
Transmutations | 1 |  1.1
Fire Magic     | 1 |  1.1
Ice Magic      | 1 |  1.1
Air Magic      | 1 |  1.1
Earth Magic    | 1 |  1.1
Staves         | 3 |  3.0
Throwing       | 3 |  3.0
Shields        | 3 |  3.0
Fighting       | |  4.8
Dodging        | |  4.8
Poison Magic   | |  3.9

Action                   |  1- 3 |  4- 6 || total
-------------------------+-------+-------++-------
Melee: Quarterstaff      |    70 |       ||    70
       Bite              |     9 |    19 ||    28
       Whip              |    34 |   147 ||   181
  Use: Scroll            |     1 |       ||     1
       Potion            |       |     1 ||     1
 Stab: Sleeping          |     1 |       ||     1
       Invisible         |       |     2 ||     2
  Eat: Ration            |     1 |       ||     1
       Chunk             |       |     3 ||     3
Armor: Robe              |    10 |       ||    10
       Leather armour    |    16 |     9 ||    25
Dodge: Dodged            |    79 |    75 ||   154
Block: Other             |     5 |    15 ||    20
       Buckler           |       |    32 ||    32

Table legend:
 A = Non-vault XP
 B = Vault XP
 C = Vault XP percentage of total XP
 D = Non-vault monster count
 E = Vault monster count
 F = Vault count percentage of total count
                 A         B        C        D         E       F
            +---------+---------+-------+---------+---------+-------
      Total |     238 |       0 |   0.0 |      75 |       0 |   0.0
            +---------+---------+-------+---------+---------+-------
        D:1 |      64 |       0 |   0.0 |      27 |       0 |   0.0
        D:2 |      81 |       0 |   0.0 |      21 |       0 |   0.0
        D:3 |      93 |       0 |   0.0 |      27 |       0 |   0.0
            +---------+---------+-------+---------+---------+-------
